 Dungeon Crawl Stone Soup version 0.21.1-1-g345015f (webtiles) character file.

56 inc the Chiller (level 3, 0/14 HPs)
             Began as a Felid Ice Elementalist on Mar 3, 2018.
             Slain by a howler monkey (5 damage)
             ... on level 4 of the Dungeon.
             The game lasted 00:04:47 (2445 turns).

inc the Chiller (Felid Ice Elementalist)            Turns: 2445, Time: 00:04:48

Health: 0/14       AC:  1    Str:  4    XL:     3   Next: 69%
Magic:  5/7        EV: 18    Int: 17    God:
Gold:   91         SH:  0    Dex: 16    Spells: 5/6 levels left
                                        Lives:  0   Deaths: 0

rFire    . . .     SeeInvis +   (weapon unavailable)
rCold    . . .     Gourm    .   (shield unavailable)
rNeg     . . .     Faith    .   (armour unavailable)
rPois    .         Spirit   .   (helmet unavailable)
rElec    .         Reflect  .   (cloak unavailable)
rCorr    .         Harm     .   (gloves unavailable)
MR       .....                  (boots unavailable)
Stlth    +++.......             (no amulet)
HPRegen  0.04/turn              (no ring)
MPRegen  0.10/turn              (no ring)

@: drained, quick
A: very small, no armour, no weapons or thrown items, stealth, claws 1, fangs 3,
see invisible, carnivore, speed 1, shaggy fur 1, slow metabolism 1, sharp paws
a: no special abilities


You were on level 4 of the Dungeon.
You were not hungry.

You visited 1 branch of the dungeon, and saw 4 of its levels.

You collected 91 gold pieces.

Inventory:

Jewellery
 d - an uncursed ring of fire {unknown}
Wands
 l - a wand of flame (28)
Scrolls
 c - a scroll of magic mapping {unknown}
 e - a scroll of blinking {unknown}
 h - 2 scrolls of identify {unknown}
 i - a scroll of noise {unknown}
 k - a scroll of remove curse {unknown}
Potions
 f - 2 potions of mutation {unknown}
 g - a potion of degeneration {unknown}
 j - a potion of might {unknown}
Books
 a - a book of Frost

   Spells                             Type                      Level
   a - Freeze                         Ice                          1
   b - Throw Frost                    Conjuration/Ice              2
   c - Ozocubu's Armour               Charms/Ice                   3
   d - Throw Icicle                   Conjuration/Ice              4
   e - Summon Ice Beast               Ice/Summoning                4
Comestibles
 b - 4 rations


   Skills:
 - Level 2.6 Dodging
 - Level 2.6 Stealth
 - Level 2.0(1.9) Spellcasting
   Level 0.8(0.7) Conjurations
 + Level 4.3(4.2) Ice Magic


You had 5 spell levels left.
You knew the following spells:

 Your Spells              Type           Power        Failure   Level  Hunger
a - Freeze                Ice            ###.         3%          1    #......


Dungeon Overview and Level Annotations

Branches:
Dungeon (4/15)
 Temple: D:4-7

Altars:

Annotations:
D:2 Robin
D:3 Sigmund


Innate Abilities, Weirdness & Mutations

You cannot wear armour.
You are incapable of wielding weapons or throwing items.
Your paws allow you to move quietly. (Stealth)
You have sharp claws.
You have razor-sharp teeth.
You have supernaturally acute eyesight. (SInv)
You are carnivorous and can eat meat at any time.
You cover ground quickly.
You are covered in fur. (AC +1)
You have a slow metabolism.
Your sharp claws are effective at attacking unaware monsters.


Message History

Confirm with . or Enter, or press ? or * to list all spells.
Aiming: Freeze
Press: ? - help, Shift-Dir - straight line, f - howler monkey
Aim: a howler monkey (moderately wounded)
You freeze the howler monkey.
The howler monkey is severely wounded.
The howler monkey hits you.
* * * LOW HITPOINT WARNING * * *
(D) Dungeon
Where to? (Enter - D:4, ? - help)
A howler monkey is nearby!
Casting: Freeze
Confirm with . or Enter, or press ? or * to list all spells.
Aiming: Freeze
Press: ? - help, Shift-Dir - straight line, f/p - howler monkey
Aim: a howler monkey (severely wounded)
You freeze the howler monkey.
The howler monkey is severely wounded.
The howler monkey hits you.
You die...

#......#
#..≈≈≈.###
#≈≈≈≈≈...
##.≈≈≈≈.#
#..≈≈≈≈P#
#.#.....oZ#
#.......#
#####h###
#<.@#
#..#..#
....###.#
####. .# ##
##


You could see a howler monkey.

Vanquished Creatures
  An adder (D:3)
  An ooze (D:1)
  A worm (D:3)
  A leopard gecko (D:1)
  2 giant cockroaches (D:1)
  7 goblins
  7 hobgoblins
  2 quokkas
  A ball python (D:1)
  4 bats
  A giant cockroach zombie (D:2)
  2 kobolds (D:1)
  5 rats
35 creatures vanquished.

Notes
Turn   | Place    | Note
-------+----------+-------------------------------------------
     0 | D:1      | inc the Felid Ice Elementalist began the quest for the Orb.
     0 | D:1      | Reached XP level 1. HP: 7/7 MP: 4/4
   156 | D:1      | Reached skill level 3 in Ice Magic
   352 | D:1      | Reached XP level 2. HP: 3/11 MP: 0/6
  1576 | D:2      | Reached XP level 3. HP: 13/14 MP: 7/7
  1724 | D:1      | Reached skill level 4 in Ice Magic
  1783 | D:2      | Noticed Robin
  2387 | D:3      | Noticed Sigmund
  2445 | D:4      | Slain by a howler monkey

Skill      XL: |  1  2  3 |
---------------+----------+-----
Ice Magic      | 3 4 |  4.3
Dodging        | |  2.6
Stealth        | |  2.6
Spellcasting   | |  2.0
Conjurations   | |  0.8

Action                   || total
-------------------------++-------
Melee: Unarmed           ||    47
       Bite              ||     7
 Cast: Freeze            ||    44
 Stab: Sleeping          ||    13
  Eat: Chunk             ||     5
Armor: Skin              ||     2
Dodge: Dodged            ||    68
